[Event "Titled Tuesday Blitz November 01 Early 2022"]
[White "Celestino, Rafael Teixeira"]
[Black "Gokerkan, Cem Kaan"]
[WhiteFideId "2108925"]
[BlackFideId "6336760"]
[WhiteElo "2448"]
[BlackElo "2365"]
[Result "0-1"]
[Round "01"]
[TimeControl "180+1"]
[Date "2022.11.02"]
[WhiteClock "0:02:10"]
[BlackClock "0:02:10"]

1. e4 Nf6 2. Nc3 e5 3. d3 Nc6 4. f4 Bb4 5. Ne2 d5 6. exd5 Nxd5 7. Bd2 Bxc3 8. bxc3 O-O 9. c4 Nxf4 10. Nxf4 exf4 11. Be2 Qh4+ 12. g3 fxg3 13. Kf1 Bh3+ 14. Kg1 Qd4+ 0-1


[Site "https://www.chess.com"]

[Event "Titled Tuesday Blitz November 01 Early 2022"]
[White "Chernobay, Artem"]
[Black "Vifleemskaia, Svetlana"]
[WhiteFideId "4167406"]
[BlackFideId "4129490"]
[WhiteElo "2473"]
[BlackElo "1929"]
[Result "1-0"]
[Round "01"]
[TimeControl "180+1"]
[Date "2022.11.02"]
[WhiteClock "0:00:47"]
[BlackClock "0:00:37"]

1. e4 e5 2. Nc3 Nf6 3. g3 Nc6 4. Bg2 Bc5 5. Nge2 d6 6. h3 a6 7. d3 O-O 8. O-O h6 9. Kh2 Nh7 10. f4 f5 11. fxe5 dxe5 12. exf5 Bxf5 13. Ne4 Be7 14. Be3 Nd4 15. c3 Nc6 16. Nc5 Qc8 17. Qb3+ Kh8 18. Qxb7 Qxb7 19. Nxb7 Nd8 20. Nc5 Rb8 21. b3 a5 22. g4 Bg6 23. Ng3 Bxc5 24. Bxc5 Re8 25. Nf5 Ne6 26. Be3 Rbd8 27. Rad1 a4 28. Bc6 Rf8 29. Bxa4 Bxf5 30. Rxf5 Rxf5 31. gxf5 Neg5 32. Bc6 Nf6 33. a4 e4 34. d4 Nf3+ 35. Kg2 Ne5 36. dxe5 Rxd1 37. exf6 gxf6 38. a5 Rb1 39. a6 1-0


[Site "https://www.chess.com"]

[Event "Titled Tuesday Blitz November 01 Early 2022"]
[White "Chernomordik, Pavel"]
[Black "Gharibyan, Mamikon"]
[WhiteFideId "2804530"]
[BlackFideId "13308300"]
[WhiteElo "2217"]
[BlackElo "2378"]
[Result "0-1"]
[Round "01"]
[TimeControl "180+1"]
[Date "2022.11.02"]
[WhiteClock "0:00:07"]
[BlackClock "0:00:26"]

1. e4 g6 2. h4 c5 3. h5 Bg7 4. Nc3 Nc6 5. Bc4 a6 6. a4 e6 7. d3 g5 8. f4 gxf4 9. Bxf4 d6 10. Qg4 Be5 11. Nf3 Nf6 12. Qh4 Bxf4 13. Qxf4 Rg8 14. e5 dxe5 15. Nxe5 Nxe5 16. Qxe5 Qd4 17. Qxd4 cxd4 18. Ne2 e5 19. Rf1 Ke7 20. O-O-O Rxg2 21. Rde1 Be6 22. Ng1 Bxc4 23. dxc4 e4 24. Nh3 Rd8 25. Nf4 Rg4 26. h6 Kf8 27. Ne6+ fxe6 28. Rxf6+ Ke7 29. Ref1 e3 30. Rf7+ Kd6 31. Rxh7 Rf8 32. Re1 Rf2 33. c3 d3 34. c5+ Kc6 0-1


[Site "https://www.chess.com"]

[Event "Titled Tuesday Blitz November 01 Early 2022"]
[White "Chernov, Mikhail"]
[Black "Guerrero Olmos, Sergio"]
[WhiteFideId "24143170"]
[BlackFideId "2257238"]
[WhiteElo "2113"]
[BlackElo "2272"]
[Result "1-0"]
[Round "01"]
[TimeControl "180+1"]
[Date "2022.11.02"]
[WhiteClock "0:00:15"]
[BlackClock "0:00:15"]

1. e4 e6 2. d4 d5 3. c4 dxe4 4. Nc3 Nf6 5. f3 exf3 6. Nxf3 c5 7. d5 exd5 8. cxd5 Bd6 9. Bb5+ Bd7 10. O-O O-O 11. Bg5 a6 12. Bd3 Bg4 13. Ne4 Be5 14. Nxe5 Bxd1 15. Raxd1 Re8 16. Nxf6+ gxf6 17. Bxf6 Qb6 18. Nc4 Qa7 19. Rf3 Nd7 20. Bc3 b5 21. d6 f6 22. Rdf1 bxc4 23. Bxc4+ Kg7 24. Rg3+ Kh8 25. Rxf6 Re5 26. Re6 Rg8 27. Rxe5 Rxg3 28. Re8# 1-0


[Site "https://www.chess.com"]

[Event "Titled Tuesday Blitz November 01 Early 2022"]
[White "Chigaev, Maksim"]
[Black "Villamayor, Buenaventura"]
[WhiteFideId "4108116"]
[BlackFideId "5200393"]
[WhiteElo "2537"]
[BlackElo "2301"]
[Result "1-0"]
[Round "01"]
[TimeControl "180+1"]
[Date "2022.11.01"]
[WhiteClock "0:00:09"]
[BlackClock "0:00:08"]

1. Nf3 Nf6 2. c4 e6 3. g3 b6 4. Bg2 Bb7 5. O-O Be7 6. Nc3 O-O 7. Re1 c5 8. e4 d6 9. d4 cxd4 10. Nxd4 Qc8 11. Be3 Nbd7 12. f4 a6 13. Rc1 Re8 14. g4 e5 15. Nf5 Bf8 16. g5 g6 17. Ng3 exf4 18. Bxf4 Nh5 19. Nxh5 gxh5 20. Nd5 Bg7 21. Qxh5 Bxb2 22. Bh3 Qc5+ 23. Be3 Bd4 24. Bf5 Bxd5 25. Qxh7+ Kf8 26. Qh6+ Ke7 27. exd5 Bxe3+ 28. Kh1 Kd8 29. Rc2 Ne5 30. Rce2 Bf4 31. Qh4 Qd4 32. g6+ Kc7 33. gxf7 Rf8 34. Qe7+ Nd7 35. Qxd7+ 1-0


[Site "https://www.chess.com"]

[Event "Titled Tuesday Blitz November 01 Early 2022"]
[White "Chong, Kai Ni Agnes"]
[Black "Sharapov, Evgeny"]
[WhiteFideId "5722071"]
[BlackFideId "14103133"]
[WhiteElo "1762"]
[BlackElo "2367"]
[Result "0-1"]
[Round "01"]
[TimeControl "180+1"]
[Date "2022.11.02"]
[WhiteClock "0:00:02"]
[BlackClock "0:00:32"]

1. d4 d5 2. c4 c6 3. cxd5 cxd5 4. Nc3 Nf6 5. Bf4 Nc6 6. e3 a6 7. Bd3 g6 8. Nge2 Bg7 9. O-O O-O 10. Rc1 Bf5 11. h3 Bxd3 12. Qxd3 Rc8 13. Na4 Nd7 14. Nc5 Nxc5 15. Rxc5 Nb4 16. Qb3 Rxc5 17. dxc5 Qa5 18. a3 Nc6 19. Qxb7 Qb5 20. Qxb5 axb5 21. Rd1 Bxb2 22. Rd3 Ra8 23. Rb3 Bxa3 24. Rxb5 f6 25. Bc7 e5 26. Nc3 d4 27. Nd5 d3 28. Rb3 d2 29. Rd3 Bc1 30. Nxf6+ Kf7 31. Ne4 Ra2 32. Nc3 Rc2 33. Bd6 Rxc3 0-1


[Site "https://www.chess.com"]

[Event "Titled Tuesday Blitz November 01 Early 2022"]
[White "Colas, Joshua"]
[Black "Fernandez Siles, Luis"]
[WhiteFideId "2044447"]
[BlackFideId "2209420"]
[WhiteElo "2347"]
[BlackElo "2186"]
[Result "1-0"]
[Round "01"]
[TimeControl "180+1"]
[Date "2022.11.02"]
[WhiteClock "0:00:11"]
[BlackClock "0:00:17"]

1. d4 Nf6 2. c4 g6 3. Nc3 Bg7 4. e4 d6 5. f3 O-O 6. Be3 e5 7. Nge2 c6 8. Qd2 Nbd7 9. O-O-O a6 10. c5 exd4 11. Bxd4 dxc5 12. Bxc5 Re8 13. Be3 Qa5 14. Nd4 Nc5 15. Nc2 Ne6 16. e5 Nd5 17. Nxd5 Qxd2+ 18. Rxd2 cxd5 19. Rxd5 Nc7 20. Rc5 Bxe5 21. Bd3 Bd6 22. Rc3 Nd5 23. Bc5 Nxc3 24. Bxd6 Nb5 25. Bf4 Rd8 26. Be4 Nd6 27. Rd1 Bf5 28. Rxd6 Rxd6 29. Bxd6 Bxe4 30. fxe4 Rd8 31. e5 f6 32. Be7 Rd3 33. exf6 Kf7 34. h3 Rg3 35. Ne1 h5 36. Kd2 g5 37. Ke2 g4 38. Kf2 h4 39. Bd6 gxh3 40. Bxg3 hxg3+ 41. Kxg3 hxg2 42. Kxg2 Kxf6 43. Kf3 Ke5 44. Ke3 Kd5 45. Kd3 b5 46. Kc3 a5 47. a3 Kc5 48. Nd3+ Kd5 49. b4 axb4+ 50. Kxb4 Kc6 51. Nc1 1-0


[Site "https://www.chess.com"]

[Event "Titled Tuesday Blitz November 01 Early 2022"]
[White "Costachi, Mihnea"]
[Black "Perez Rodriguez, Jennifer"]
[WhiteFideId "1217518"]
[BlackFideId "3507831"]
[WhiteElo "2437"]
[BlackElo "2170"]
[Result "0-1"]
[Round "01"]
[TimeControl "180+1"]
[Date "2022.11.02"]
[WhiteClock "0:00:34"]
[BlackClock "0:00:39"]

1. d4 d5 2. Nc3 Bf5 3. Bf4 a6 4. f3 Bg6 5. e4 e6 6. Qd2 Bb4 7. a3 Ba5 8. Nh3 dxe4 9. fxe4 Nc6 10. d5 exd5 11. exd5 Qe7+ 12. Be2 O-O-O 13. O-O-O Nf6 14. Bf3 Ne5 15. Rhe1 Nxf3 16. gxf3 Qd7 17. Ng5 h6 18. Nge4 Nxd5 19. Nd6+ cxd6 20. Qxd5 Bxc3 21. bxc3 Qf5 22. Qxf5+ Bxf5 23. Bxd6 Rd7 24. c4 Rhd8 25. c5 b6 26. Re5 Bg6 27. Rde1 bxc5 28. Rxc5+ Kb7 29. Bf4 Rc8 30. Rxc8 Kxc8 31. Re8+ Kb7 32. Be5 f6 33. Bc3 Bxe8 0-1


[Site "https://www.chess.com"]

[Event "Titled Tuesday Blitz November 01 Early 2022"]
[White "Deev, Andrei"]
[Black "Velikanov, Alexander"]
[WhiteFideId "4102690"]
[BlackFideId "2039290"]
[WhiteElo "2345"]
[BlackElo "2259"]
[Result "0-1"]
[Round "01"]
[TimeControl "180+1"]
[Date "2022.11.02"]
[WhiteClock "0:00:01"]
[BlackClock "0:00:12"]

1. e4 d6 2. d4 Nf6 3. Nc3 e5 4. Nf3 Nbd7 5. Bc4 Be7 6. O-O O-O 7. Re1 b6 8. a4 a6 9. Bg5 Bb7 10. Qd2 h6 11. Bxh6 gxh6 12. Qxh6 Nh7 13. Rad1 Bg5 14. Qh5 Qf6 15. dxe5 Nxe5 16. Nxe5 dxe5 17. Rd7 Rac8 18. h4 Bf4 19. g3 Bh6 20. Bd5 Bc6 21. Rxf7 Rxf7 22. Bxf7+ Qxf7 23. Qxh6 Rf8 24. f4 Nf6 25. f5 Qg7 26. Qg5 Rd8 27. Kf2 Rd4 28. Qxg7+ Kxg7 29. Kf3 b5 30. axb5 axb5 31. g4 b4 32. g5 bxc3 33. gxf6+ Kxf6 34. bxc3 Rc4 35. Re3 Ba4 36. Kg4 Bxc2 37. Kh5 Bxe4 0-1


[Site "https://www.chess.com"]

[Event "Titled Tuesday Blitz November 01 Early 2022"]
[White "Dimitrov, Atanas"]
[Black "Shubenkova, Veronika"]
[WhiteFideId "2901315"]
[BlackFideId "44124040"]
[WhiteElo "2814"]
[BlackElo "2027"]
[Result "0-1"]
[Round "01"]
[TimeControl "180+1"]
[Date "2022.11.02"]
[WhiteClock "0:02:19"]
[BlackClock "0:02:51"]

1. e4 c6 2. d4 d5 3. Nd2 dxe4 4. Nxe4 Bf5 5. Ng3 Bg6 6. Nf3 Nd7 7. h4 h6 8. h5 Bh7 9. Bd3 Bxd3 10. Qxd3 e6 11. Bf4 Ngf6 12. O-O-O Be7 13. Kb1 Qa5 14. Bd2 Bb4 15. Bxb4 Qxb4 16. Rhe1 O-O-O 17. c3 Qb6 18. Qe2 Nd5 19. Ne5 Nxc3+ 0-1


[Site "https://www.chess.com"]

[Event "Titled Tuesday Blitz November 01 Early 2022"]
[White "Dubov, Daniil"]
[Black "Postnikov, Daniil"]
[WhiteFideId "24126055"]
[BlackFideId "4166329"]
[WhiteElo "2791"]
[BlackElo "2261"]
[Result "1-0"]
[Round "01"]
[TimeControl "180+1"]
[Date "2022.11.01"]
[WhiteClock "0:00:42"]
[BlackClock "0:00:12"]

1. e4 e6 2. d4 d5 3. e5 c5 4. c3 Nc6 5. Nf3 Bd7 6. Na3 f6 7. Nc2 fxe5 8. dxe5 Qc7 9. Bf4 Nge7 10. Bd3 O-O-O 11. O-O h6 12. Bg3 g5 13. h3 Bg7 14. Re1 Rdf8 15. b4 c4 16. Bf1 Nf5 17. Bh2 Rhg8 18. Ncd4 Ncxd4 19. Nxd4 Nxd4 20. Qxd4 Qb6 21. Qxb6 axb6 22. Be2 Ba4 23. Bh5 Be8 24. Bxe8 Rxe8 25. b5 Ref8 26. Re3 Rf5 27. g4 Rf7 28. Kg2 Kc7 29. a4 Ra8 30. Rf3 Rxf3 31. Kxf3 Bf8 32. Ke2 Bc5 33. f4 d4 34. cxd4 Bxd4 35. Ra2 Rd8 36. Rc2 c3 37. Kf3 Ra8 38. Ra2 Rd8 39. f5 Kd7 40. Ke4 Ke7 41. Rc2 Kf7 42. Bg3 Rd5 43. Rc1 Ke7 44. h4 Kf7 45. hxg5 hxg5 46. Rh1 Bc5 47. fxe6+ Kxe6 48. Rh6+ Ke7 49. Kxd5 c2 50. Rh7+ 1-0


[Site "https://www.chess.com"]

[Event "Titled Tuesday Blitz November 01 Early 2022"]
[White "Faizrakhmanov, Ramil"]
[Black "Levitan, Caleb Levi"]
[WhiteFideId "24103209"]
[BlackFideId "14332620"]
[WhiteElo "2421"]
[BlackElo "1963"]
[Result "1-0"]
[Round "01"]
[TimeControl "180+1"]
[Date "2022.11.02"]
[WhiteClock "0:01:00"]
[BlackClock "0:00:08"]

1. d4 d5 2. c4 e6 3. Nf3 Nf6 4. Nc3 a6 5. cxd5 exd5 6. Bg5 Be6 7. e3 Nbd7 8. h3 Bd6 9. Bd3 c6 10. O-O h6 11. Bf4 Qc7 12. Qd2 O-O 13. a3 Ne8 14. Rac1 Bxf4 15. exf4 Nd6 16. Qc2 Nf6 17. Ne5 Qc8 18. g4 h5 19. f5 Bd7 20. Rfe1 hxg4 21. hxg4 Re8 22. f3 Nc4 23. Nxc4 dxc4 24. Bxc4 Qc7 25. Qh2 Qb6 26. Qf2 Rad8 27. g5 Nh5 28. g6 Rxe1+ 29. Rxe1 Nf4 30. gxf7+ Kf8 31. Qe3 Nh3+ 32. Kg2 Qxb2+ 33. Re2 Qxa3 34. Kxh3 Bxf5+ 35. Kg2 Qd6 36. Qe8+ Rxe8 37. fxe8=Q# 1-0


[Site "https://www.chess.com"]

[Event "Titled Tuesday Blitz November 01 Early 2022"]
[White "Fathy, Elameir"]
[Black "Donchenko, Alexander"]
[WhiteFideId "10600396"]
[BlackFideId "24603295"]
[WhiteElo "2311"]
[BlackElo "2572"]
[Result "0-1"]
[Round "01"]
[TimeControl "180+1"]
[Date "2022.11.01"]
[WhiteClock "0:00:01"]
[BlackClock "0:01:43"]

1. d4 Nf6 2. c4 e6 3. Nf3 b6 4. g3 Bb7 5. Bg2 Be7 6. O-O O-O 7. Nc3 Ne4 8. Bd2 Bf6 9. Qc2 Nxd2 10. Qxd2 d6 11. e4 Nd7 12. Rad1 e5 13. dxe5 Nxe5 14. Nxe5 Bxe5 15. f4 Bxc3 16. Qxc3 Qe7 17. Rfe1 Rfe8 18. e5 Bxg2 19. exd6 Qd7 20. Kxg2 cxd6 21. Rxe8+ Rxe8 22. Qd3 Qc6+ 23. Kg1 Qc5+ 24. Kg2 h5 25. h4 Re3 26. Qd4 Qc6+ 27. Qd5 Qe8 28. Rd2 Re1 29. b3 Qe3 30. Qa8+ Kh7 31. Qc8 0-1


[Site "https://www.chess.com"]

[Event "Titled Tuesday Blitz November 01 Early 2022"]
[White "Fernandez Hernandez, Gerardo"]
[Black "Tleptsok, Ruslan"]
[WhiteFideId "2207400"]
[BlackFideId "24104485"]
[WhiteElo "2243"]
[BlackElo "2130"]
[Result "0-1"]
[Round "01"]
[TimeControl "180+1"]
[Date "2022.11.02"]
[WhiteClock "0:00:02"]
[BlackClock "0:00:46"]

1. e4 d5 2. exd5 Nf6 3. Bb5+ Bd7 4. Be2 Nxd5 5. d4 c5 6. c4 Nf6 7. Nf3 cxd4 8. Nxd4 Nc6 9. Be3 e5 10. Nb5 Bb4+ 11. N1c3 O-O 12. a3 Bxc3+ 13. Nxc3 Qe7 14. Bg5 Be6 15. Ne4 Rfd8 16. Qc1 Bf5 17. Bxf6 gxf6 18. Ng3 Bg6 19. h4 Nd4 20. h5 Bc2 21. O-O Rac8 22. Qe3 Bb3 23. h6 Kh8 24. Bg4 Rxc4 25. Nf5 Nxf5 26. Bxf5 Rf4 27. Qxb3 Rxf5 28. Rad1 Rg8 29. Rd2 Rfg5 30. g3 f5 31. Rfd1 f4 32. Rd7 Qf8 33. Rxf7 Qxh6 34. Rdd7 fxg3 35. Rxh7+ Qxh7 36. Rxh7+ Kxh7 37. Qf7+ R8g7 38. Qf3 gxf2+ 39. Kxf2 Rg2+ 40. Ke1 Rg1+ 41. Kf2 R7g2+ 42. Qxg2 Rxg2+ 43. Kxg2 Kg6 44. Kf3 Kf5 45. Ke3 e4 46. Kd2 Kf4 47. Ke2 e3 48. Ke1 Kf3 49. Kf1 b6 50. Ke1 e2 51. b4 b5 0-1


[Site "https://www.chess.com"]

[Event "Titled Tuesday Blitz November 01 Early 2022"]
[White "Ferreira, Vitor Hugo Vieira"]
[Black "Kamsky, Gata"]
[WhiteFideId "2119765"]
[BlackFideId "2000024"]
[WhiteElo "2168"]
[BlackElo "2666"]
[Result "0-1"]
[Round "01"]
[TimeControl "180+1"]
[Date "2022.11.01"]
[WhiteClock "0:00:37"]
[BlackClock "0:01:07"]

1. Nf3 Nf6 2. g3 g6 3. Bg2 Bg7 4. O-O O-O 5. c4 c6 6. Nc3 d5 7. cxd5 cxd5 8. d4 e6 9. Bf4 Nc6 10. Rc1 Bd7 11. Na4 Ne4 12. Nc5 Nxc5 13. Rxc5 Qb6 14. e3 Qxb2 15. Qd3 b6 16. Rc2 Nb4 17. Rxb2 Nxd3 18. Rb3 Nxf4 19. gxf4 Rfc8 20. Ne5 Be8 21. e4 dxe4 22. Bxe4 Rab8 23. Ra3 a5 24. Rb1 a4 25. h4 b5 26. d5 b4 27. Rd3 exd5 28. Bxd5 Rc7 29. h5 Kf8 30. hxg6 hxg6 31. Rd4 Rc5 32. Bxf7 Bxe5 33. fxe5 Bxf7 0-1


[Site "https://www.chess.com"]

[Event "Titled Tuesday Blitz November 01 Early 2022"]
[White "Fier, Alexandr"]
[Black "Khamdamova, Afruza"]
[WhiteFideId "2107139"]
[BlackFideId "14210444"]
[WhiteElo "2607"]
[BlackElo "2018"]
[Result "0-1"]
[Round "01"]
[TimeControl "180+1"]
[Date "2022.11.02"]
[WhiteClock "0:00:11"]
[BlackClock "0:00:14"]

1. e4 e5 2. Nf3 Nf6 3. Bc4 Nc6 4. d3 Bc5 5. Bg5 h6 6. Bh4 d6 7. Bg3 O-O 8. Nc3 Be6 9. Nd5 Bxd5 10. exd5 Ne7 11. d4 exd4 12. Nxd4 Nexd5 13. O-O Ne7 14. Nb3 Bb6 15. Qf3 Nc6 16. Bh4 Ne5 17. Qc3 Ne4 18. Bxd8 Nxc3 19. Be7 Rfe8 20. bxc3 Nxc4 21. Bh4 Re2 22. Rac1 Rae8 23. Bg3 Na3 24. Nd4 Bxd4 25. cxd4 Nxc2 26. d5 R8e7 27. h3 b6 28. a4 Nb4 29. Rc4 Nxd5 30. a5 Ra2 31. axb6 Nxb6 32. Rb4 a5 33. Rb5 Nd7 34. Rb7 Nc5 35. Ra7 a4 36. Rb1 Kh7 37. h4 Nb3 38. h5 Rd7 39. Re1 g6 40. Re8 gxh5 41. Bh4 d5 42. Raa8 d4 43. f3 d3 44. g4 hxg4 45. fxg4 f6 46. Rh8+ Kg6 47. Raf8 Rf7 48. Rhg8+ Rg7 49. Rxf6+ Kh7 50. Rd8 d2 51. g5 Ra1+ 52. Kg2 hxg5 53. Bxg5 Rxg5+ 54. Kh2 d1=Q 55. Rh6+ Kxh6 56. Rh8+ Kg7 57. Rg8+ Kxg8 0-1


[Site "https://www.chess.com"]

[Event "Titled Tuesday Blitz November 01 Early 2022"]
[White "Gabrielian, Artur"]
[Black "Najdin, Danil"]
[WhiteFideId "4131002"]
[BlackFideId "4172426"]
[WhiteElo "2432"]
[BlackElo "2240"]
[Result "1-0"]
[Round "01"]
[TimeControl "180+1"]
[Date "2022.11.02"]
[WhiteClock "0:00:35"]
[BlackClock "0:00:22"]

1. e4 e5 2. Nf3 Nc6 3. Bc4 Nf6 4. d3 Bc5 5. Bg5 h6 6. Bh4 d6 7. c3 g5 8. Bg3 a6 9. Nbd2 Ba7 10. a4 Bg4 11. O-O Nh5 12. Kh1 Nf4 13. Bxf4 gxf4 14. h3 Bh5 15. b4 O-O 16. b5 Ne7 17. bxa6 bxa6 18. Rb1 Bb6 19. Qc2 Kh8 20. d4 Ng6 21. Bd5 Rb8 22. Qd3 Nh4 23. Nxh4 Qxh4 24. Nf3 Qf6 25. Bc4 a5 26. dxe5 dxe5 27. Rb5 c6 28. Rbb1 Rbd8 29. Qe2 Bc5 30. Rb7 Rg8 31. Rg1 Qg6 32. Bxf7 Qxf7 33. Rxf7 Bxf7 34. Nxe5 Be6 35. Nxc6 Rdf8 36. Nd4 Bxd4 37. cxd4 f3 38. gxf3 Bxh3 39. Rg3 1-0


[Site "https://www.chess.com"]

[Event "Titled Tuesday Blitz November 01 Early 2022"]
[White "Garagulya, Konstantin"]
[Black "Yuan, Qingyu"]
[WhiteFideId "4128931"]
[BlackFideId "8609772"]
[WhiteElo "2329"]
[BlackElo "2359"]
[Result "0-1"]
[Round "01"]
[TimeControl "180+1"]
[Date "2022.11.02"]
[WhiteClock "0:01:04"]
[BlackClock "0:02:09"]

1. d4 d5 2. Nf3 Nf6 3. c4 e6 4. Bg5 dxc4 5. Qa4+ Nbd7 6. Nbd2 a6 7. Qxc4 b5 8. Qc2 Bb7 9. Nb3 Bb4+ 10. Bd2 Be7 11. Rc1 Rc8 12. Na5 Be4 13. Qb3 c5 14. e3 c4 15. Qd1 O-O 16. Be2 Bd5 17. O-O Ne4 18. b4 Bd6 19. Bc3 Nxc3 20. Rxc3 Bxb4 0-1


[Site "https://www.chess.com"]

[Event "Titled Tuesday Blitz November 01 Early 2022"]
[White "Garcia, Erick"]
[Black "Toshali, V"]
[WhiteFideId "2058880"]
[BlackFideId "5072611"]
[WhiteElo "2202"]
[BlackElo "1973"]
[Result "1-0"]
[Round "01"]
[TimeControl "180+1"]
[Date "2022.11.02"]
[WhiteClock "0:01:46"]
[BlackClock "0:01:30"]

1. d4 d5 2. c4 c6 3. Nf3 Nf6 4. Nc3 dxc4 5. a4 e6 6. Ne5 c5 7. e3 cxd4 8. exd4 Nc6 9. Nxc6 bxc6 10. Bxc4 c5 11. dxc5 Qxd1+ 12. Nxd1 Bxc5 13. Be3 Bb4+ 14. Ke2 Bb7 15. Bb5+ Ke7 16. Nc3 Rac8 17. Rac1 Bxg2 18. Rhg1 Bc6 19. Bxc6 Rxc6 20. Nd5+ Nxd5 21. Rxc6 a5 22. Rxg7 Nxe3 23. fxe3 Rd8 24. Rc7+ Kf6 25. Rgxf7+ Ke5 26. Rfd7 Rg8 27. Kf3 h5 28. Rh7 Rg5 29. Rb7 Rf5+ 30. Ke2 Ke4 31. Rbc7 e5 32. Rhd7 Rg5 33. Rc4+ Kf5 34. Kf3 Ke6 35. Rh7 Rf5+ 36. Ke4 Rg5 37. Rc6+ Bd6 38. Rh6+ Ke7 39. Rcxd6 Rg4+ 40. Kf3 Rxa4 41. Rhe6+ Kf7 42. Rxe5 Rh4 43. Rxa5 Rxh2 44. Ra7+ Ke8 45. Rb6 Rxb2 46. Rxb2 h4 47. Rb8# 1-0


[Site "https://www.chess.com"]

[Event "Titled Tuesday Blitz November 01 Early 2022"]
[White "Garv Gaur"]
[Black "Deac, Bogdan-Daniel"]
[WhiteFideId "45030839"]
[BlackFideId "1226380"]
[WhiteElo "1960"]
[BlackElo "2648"]
[Result "0-1"]
[Round "01"]
[TimeControl "180+1"]
[Date "2022.11.01"]
[WhiteClock "0:00:04"]
[BlackClock "0:00:05"]

1. d4 g6 2. Nf3 Bg7 3. c4 d6 4. g3 Nd7 5. Bg2 e5 6. O-O Nh6 7. Nc3 O-O 8. e4 f6 9. h3 Nf7 10. Re1 c6 11. Be3 f5 12. exf5 gxf5 13. dxe5 dxe5 14. Qc2 e4 15. Nd4 Nde5 16. Red1 Qf6 17. c5 Ng5 18. h4 Ne6 19. Nxe6 Bxe6 20. Bd4 Rad8 21. Ne2 Qf7 22. Nf4 Bxa2 23. Qc3 Rfe8 24. Kh1 Ng4 25. Kg1 Bb3 26. Rd2 a6 27. Bxg7 Rxd2 28. Qxd2 Qxg7 29. Re1 Bf7 30. Qd7 Bg6 31. Qd6 Ne5 32. h5 Bf7 33. h6 Qg5 34. Nh3 Qe7 35. Qd4 Rd8 36. Qc3 Rd3 37. Qc1 Qf6 38. Ng5 Qxh6 39. Qf4 Qf6 40. Bh3 Bg6 41. Nxe4 Qg7 42. Nd6 Nf3+ 43. Kh1 Nxe1 44. Qg5 Qf8 45. Nxf5 Nf3 46. Ne7+ Kg7 47. Qe5+ Nxe5 48. Nf5+ Qxf5 49. Bxf5 Bxf5 50. g4 Be4+ 51. Kh2 Nxg4+ 52. Kg1 Rd1# 0-1


[Site "https://www.chess.com"]

[Event "Titled Tuesday Blitz November 01 Early 2022"]
[White "Ginzburg, Yakov"]
[Black "Johnson, Ben"]
[WhiteFideId "4157176"]
[BlackFideId "2010917"]
[WhiteElo "2305"]
[BlackElo "2104"]
[Result "0-1"]
[Round "01"]
[TimeControl "180+1"]
[Date "2022.11.02"]
[WhiteClock "0:00:06"]
[BlackClock "0:00:04"]

1. e4 c5 2. Nf3 Nc6 3. d4 cxd4 4. Nxd4 Nf6 5. Nc3 e5 6. Ndb5 d6 7. Bg5 a6 8. Na3 b5 9. Nd5 Be7 10. Bxf6 Bxf6 11. c3 O-O 12. Nc2 Rb8 13. Be2 Bg5 14. O-O Ne7 15. Ncb4 Bb7 16. a4 a5 17. Nxe7+ Qxe7 18. Nd5 Bxd5 19. Qxd5 bxa4 20. Rfb1 Rfc8 21. Qxa5 Ra8 22. Qd5 g6 23. g3 Ra7 24. Kg2 Rc5 25. Qd1 a3 26. Rxa3 Rxa3 27. bxa3 Rxc3 28. Ra1 Qb7 29. Qd5 Qxd5 30. exd5 Rc2 31. Kf1 Bd8 32. a4 Ba5 33. Rb1 Ra2 34. Bd1 Kg7 35. Rb5 Bc3 36. Bb3 Rb2 37. Bc4 Rxb5 38. Bxb5 Ba5 39. Ke2 f5 40. Kd3 Kf6 41. Kc4 e4 42. Ba6 Ke5 43. Bb7 Bb6 44. Kb5 Bxf2 45. Kc6 g5 46. a5 f4 47. g4 Bd4 48. Ba6 f3 49. Bc4 e3 50. a6 Kf4 51. Kxd6 e2 52. a7 Bxa7 53. Ke6 Kxg4 54. Kf6 Kf4 55. d6 Bb6 56. d7 e1=Q 0-1


[Site "https://www.chess.com"]

[Event "Titled Tuesday Blitz November 01 Early 2022"]
[White "Goltsev, Dmitry"]
[Black "Can, Melih Kaan"]
[WhiteFideId "24176710"]
[BlackFideId "6317383"]
[WhiteElo "2257"]
[BlackElo "2029"]
[Result "1-0"]
[Round "01"]
[TimeControl "180+1"]
[Date "2022.11.02"]
[WhiteClock "0:02:14"]
[BlackClock "0:00:03"]

1. e4 c5 2. Nf3 Nc6 3. d4 cxd4 4. Nxd4 e5 5. Nf5 d5 6. exd5 Bxf5 7. dxc6 Qxd1+ 8. Kxd1 bxc6 9. Bd3 O-O-O 10. Ke2 Bxd3+ 11. cxd3 Bc5 12. Nc3 Ne7 13. Ne4 Bd4 14. Be3 Kb7 15. Rhc1 f6 16. Rc4 Bb6 17. Rac1 Rd5 18. a4 Rhd8 19. R1c3 h6 20. b4 f5 21. Nd2 f4 22. Bxb6 axb6 23. Nb3 R8d6 24. b5 c5 25. a5 Nf5 26. axb6 Kxb6 27. Nxc5 Nd4+ 28. Kf1 Nxb5 29. Rc1 Rd4 30. R4c2 g5 31. Rb2 R6d5 32. Ne4 Rxd3 33. Ke2 R3d4 34. f3 Ra4 35. Nc3 Rc5 36. Nxa4+ 1-0


[Site "https://www.chess.com"]

[Event "Titled Tuesday Blitz November 01 Early 2022"]
[White "Goltseva, Ekaterina"]
[Black "Caruana, Fabiano"]
[WhiteFideId "24173770"]
[BlackFideId "2020009"]
[WhiteElo "2200"]
[BlackElo "2847"]
[Result "0-1"]
[Round "01"]
[TimeControl "180+1"]
[Date "2022.11.01"]
[WhiteClock "0:00:02"]
[BlackClock "0:00:59"]

1. d4 Nf6 2. c4 Nc6 3. Nf3 e6 4. a3 g6 5. Nc3 Bg7 6. e4 d6 7. Be2 O-O 8. O-O Re8 9. Bg5 h6 10. Bf4 g5 11. Be3 e5 12. dxe5 Nxe5 13. Nxe5 dxe5 14. c5 Be6 15. b4 c6 16. b5 Qe7 17. Qa4 Rec8 18. Rfd1 Bf8 19. bxc6 bxc6 20. Ba6 Rc7 21. Rab1 Ng4 22. Rd6 Nxe3 23. fxe3 g4 24. Rxc6 Rxc6 25. Qxc6 Rd8 26. Nd5 Qxc5 27. Rc1 Qxa3 28. Qc7 Bxd5 29. exd5 Qxe3+ 30. Kh1 Rd7 31. Qc6 Rd6 32. Qc8 Rxa6 33. Rf1 Rf6 34. Qxg4+ Rg6 35. Qf5 Rg7 36. Qf6 Qd2 37. Qxe5 Qxg2# 0-1


[Site "https://www.chess.com"]

[Event "Titled Tuesday Blitz November 01 Early 2022"]
[White "Goryachkina, Aleksandra"]
[Black "Rios Escobar, Adan"]
[WhiteFideId "4147103"]
[BlackFideId "3403645"]
[WhiteElo "2484"]
[BlackElo "2373"]
[Result "1/2-1/2"]
[Round "01"]
[TimeControl "180+1"]
[Date "2022.11.02"]
[WhiteClock "0:00:03"]
[BlackClock "0:00:02"]

1. e4 c5 2. Nf3 d6 3. Bb5+ Nd7 4. Ba4 a6 5. c4 g6 6. O-O Bg7 7. Nc3 e5 8. a3 Ne7 9. b4 O-O 10. Bxd7 Bxd7 11. bxc5 dxc5 12. d3 b5 13. Be3 Qc7 14. Rc1 Rfc8 15. Nd2 Qd6 16. Qe2 Nc6 17. Nd5 Nd4 18. Qd1 Rab8 19. f4 h5 20. Qe1 Bg4 21. Rf2 Be6 22. Rf1 Bxd5 23. exd5 bxc4 24. dxc4 Rb2 25. Bxd4 cxd4 26. Ne4 Qxa3 27. f5 Qe3+ 28. Qxe3 dxe3 29. f6 Bh6 30. Rfe1 e2 31. Rc3 Bd2 32. Nxd2 Rxd2 33. Kf2 Kf8 34. Ke3 Rd4 35. Rxe2 Rdxc4 36. Rxc4 Rxc4 37. Ra2 Ke8 38. Rxa6 Rd4 39. Ra8+ Kd7 40. Ra7+ Kd6 41. Rxf7 Rxd5 42. Rg7 Ke6 43. Rxg6 Rd8 44. Rh6 Kf5 45. g3 Rf8 46. Rxh5+ Kxf6 47. Ke4 Re8 48. Rf5+ Kg6 49. Rxe5 Rh8 50. h4 Ra8 51. Kf4 Ra4+ 52. Re4 Ra1 53. Re6+ Kh7 54. g4 Ra4+ 55. Kf5 Ra5+ 56. Re5 Ra8 57. g5 Rf8+ 58. Kg4 Ra8 59. Re7+ Kg8 60. h5 Ra5 61. Kf4 Ra6 62. Re5 Ra4+ 63. Kf5 Ra2 64. Rd5 Rf2+ 65. Kg6 Rf8 66. Rd6 Ra8 67. h6 Kh8 68. Kf6 Rf8+ 69. Ke7 Rg8 70. g6 Rf8 71. g7+ Kh7 72. Kxf8 1/2-1/2


[Site "https://www.chess.com"]